 Dungeon Crawl Stone Soup version 0.31-a0-925-g0a390f2509 (webtiles) character file.

Game seed: 6727577787451626456

42 promet the Magician (level 3, -6/25 HPs)
             Began as a Gnoll Hedge Wizard on Oct 18, 2023.
             Mangled by Grinder (7 damage)
             ... on level 4 of the Dungeon.
             The game lasted 00:11:05 (2759 turns).

promet the Magician (Gnoll Hedge Wizard)            Turns: 2759, Time: 00:11:07

Health: -6/25      AC:  3    Str:  9    XL:     3   Next: 54%
Magic:  10/11      EV: 12    Int: 15    God:
Gold:   134        SH:  0    Dex: 11    Spells: 9/16 levels left

rFire   . . .        p - +0 dagger
rCold   . . .        (no shield)
rNeg    . . .        i - +0 leather armour
rPois   .            c - +0 hat
rElec   .            (no cloak)
rCorr   .            (no gloves)
SInv    .            (no boots)
Will    .....        (no amulet)
Stlth   ++           (no ring)
HPRegen 0.24/turn    (no ring)
MPRegen 0.12/turn

%: no passive effects
@: no status effects
A: fangs 1, strong nose, distributed training
a: no special abilities


You were on level 4 of the Dungeon.
You visited 1 branch of the dungeon, and saw 4 of its levels.

You collected 134 gold pieces.

Inventory:

Hand Weapons
 a - a +0 morningstar
 b - a +0 sling
 m - a +0 trident
 p - a +0 dagger (weapon)
Missiles
 h - 29 stones
Armour
 c - a +0 hat (worn)
 i - a +0 leather armour (worn)
 l - a +0 robe
Magical Staves
 n - a staff of fire
Scrolls
 g - a scroll of poison
 k - a scroll of teleportation
 o - a scroll of vulnerability {unknown}
Potions
 d - a potion of magic
 e - 2 potions of heal wounds {unknown}
 f - 4 potions of curing
 j - 2 potions of degeneration {unknown}


   Skills:
 + Level 0.9 Fighting
 + Level 0.9 Short Blades
 + Level 0.9 Long Blades
 + Level 0.9 Axes
 + Level 0.9 Maces & Flails
 + Level 0.9 Polearms
 + Level 0.9 Staves
 + Level 0.9 Ranged Weapons
 + Level 0.9 Throwing
 + Level 0.9 Armour
 + Level 4.5 Dodging
 + Level 4.2 Stealth
 + Level 0.9 Shields
 + Level 0.9 Unarmed Combat
 + Level 7.1 Spellcasting
 + Level 2.1 Conjurations
 + Level 0.6 Hexes
 + Level 2.1 Summonings
 + Level 0.6 Necromancy
 + Level 2.1 Translocations
 + Level 0.6 Transmutations
 + Level 0.6 Fire Magic
 + Level 0.6 Ice Magic
 + Level 0.6 Air Magic
 + Level 0.6 Earth Magic
 + Level 0.6 Poison Magic
 + Level 1.0 Invocations
 + Level 0.9 Evocations
 + Level 0.7 Shapeshifting


You had 9 spell levels left.
You knew the following spells:

 Your Spells              Type           Power      Damage    Failure   Level
a - Magic Dart            Conj           44%        1d5       8%          1
b - Blink                 Tloc           22%        N/A       11%         2
c - Call Imp              Summ           22%        N/A       11%         2
d - Freeze                Ice            28%        1d5       14%         1
e - Slow                  Hex            28%        N/A       14%         1

Your spell library contained the following spells:

 Spells                   Type           Power      Damage    Failure   Level
 Cigotuvi's Dreadful Rot  Necr/Pois/Air  14%        N/A       21%         2
 Hailstorm                Conj/Ice       9%         3d4       30%         3
 Mephitic Cloud           Conj/Pois/Air  8%         N/A       32%         3
 Frozen Ramparts          Ice            14%        1d3       38%         3
 Malign Gateway           Summ/Tloc      5%         N/A       100%        7
 Summon Horrible Things   Summ           5%         N/A       100%        8


Dungeon Overview and Level Annotations

Branches:
Dungeon (3/15)

Altars:

Annotations:
D:4 Grinder


Innate Abilities, Weirdness & Mutations

You have very sharp teeth.
Your uncanny sense of smell can sniff out nearby items.
Your experience applies equally to all skills.


Message History

Your cerulean imp barely misses the goblin.
You closely miss Grinder. Grinder misses you.
The goblin hits your cerulean imp with a +0 dagger.
Your cerulean imp hits the goblin with a -3 spear.
The goblin dies!
What are your orders? t - Bark!
Orders for allies: a - Attack new target. r - Retreat! s - Stop attacking. g - Guard the area. f - Follow me.
Anything else - Cancel.
Gang up on whom?
Press: ? - help, Dir - move target, f - Grinder
Aim: Grinder (ally target) Attack!
Grinder gestures at you.
You suddenly lose the ability to move!
Your cerulean imp hits Grinder from afar with a -3 spear.
The endoplasm freezes you.
You are frozen.
Grinder hits you.
* * * LOW HITPOINT WARNING * * *
You writhe in agony.
* * * LOW HITPOINT WARNING * * *
You can move again.
You hit Grinder.
Grinder is lightly wounded.
Your cerulean imp closely misses Grinder.
The endoplasm freezes you.
You are frozen.
* * * LOW HITPOINT WARNING * * *
Grinder closely misses you.
You barely miss Grinder.
Grinder is lightly wounded.
Your cerulean imp hits Grinder but does no damage.
The endoplasm freezes you.
You are frozen.
* * * LOW HITPOINT WARNING * * *
Grinder hits you!
You die...
Grinder says, "Now the real fun starts!"

#.....# ∆ #.....#
#.....# ### #......
... #.....# ###.#
#.....# #...
#.."J5###.#######.
#....@.5.).....[..
....##.####.#######.
. #. ..... ∆ #[
###.### #. #.# ..
#.# #. #.# .. #..


You could see Grinder (ally target), an endoplasm and a friendly cerulean imp
(summoned).

Vanquished Creatures
  2 dart slugs
  3 endoplasms
  A giant cockroach (D:1)
  4 goblins (D:1)
  2 hobgoblins (D:1)
  3 quokkas
  2 ball pythons (D:2)
  3 bats (D:2)
  5 frilled lizards
  3 kobolds
  3 rats (D:1)
31 creatures vanquished.

Vanquished Creatures (collateral kills)
  An orc (D:3)
  A goblin (D:4)
  A hobgoblin (D:1)
3 creatures vanquished.

Grand Total: 34 creatures vanquished

Notes
Turn   | Place    | Note
-------+----------+-------------------------------------------
     0 | D:1      | promet the Gnoll Hedge Wizard began the quest for the Orb.
     0 | D:1      | Reached XP level 1. HP: 13/13 MP: 8/8
   480 | D:1      | Reached XP level 2. HP: 19/19 MP: 10/10
  1059 | D:1      | Learned a level 2 spell: Blink
  1062 | D:1      | Learned a level 2 spell: Call Imp
  1064 | D:1      | Learned a level 1 spell: Freeze
  1066 | D:1      | Learned a level 1 spell: Slow
  1629 | D:2      | Reached XP level 3. HP: 25/25 MP: 11/11
  2487 | D:3      | Reached skill level 1 in Invocations
  2740 | D:3      | You fall into a shaft and drop 1 floor!
  2747 | D:4      | Noticed Grinder
  2756 | D:4      | Paralysed by Grinder for 2 turns
  2759 | D:4      | HP: 1/25 [frozen (1)]
  2759 | D:4      | Mangled by Grinder

Illustrated notes

Levels and vault maps discovered:
D:1:      dpeg_arrival_orchard, layout_basic, serial_co_window_serial,
          co_window_paths_a, co_window_corner_a, co_window_paths_a,
          co_window_corner_a, co_window_of_opportunity_a, co_window_corner_b,
          co_window_corner_cb, co_window_cross_3, co_window_sun,
          glass_columns_a, glass_columns_a, glass_columns_a, glass_columns_a
D:2:      layout_basic
D:3:      layout_basic, gup_sewer_entry_pipe
D:4:      layout_basic, mainiacjoe_overflow_brackets, corexii_hall_statues_i,
          kennysheep_diamond, uniq_grinder

Skill      XL: |  1  2  3 |
---------------+----------+-----
Conjurations   | 2 |  2.1
Summonings     | 2 |  2.1
Translocations | 2 |  2.1
Invocations    | 1 |  1.0
Fighting       | |  0.9
Short Blades   | |  0.9
Long Blades    | |  0.9
Axes           | |  0.9
Maces & Flails | |  0.9
Polearms       | |  0.9
Staves         | |  0.9
Ranged Weapons | |  0.9
Throwing       | |  0.9
Armour         | |  0.9
Dodging        | |  4.5
Stealth        | |  4.2
Shields        | |  0.9
Unarmed Combat | |  0.9
Spellcasting   | |  7.1
Hexes          | |  0.6
Necromancy     | |  0.6
Transmutations | |  0.6
Fire Magic     | |  0.6
Ice Magic      | |  0.6
Air Magic      | |  0.6
Earth Magic    | |  0.6
Poison Magic   | |  0.6
Evocations     | |  0.9
Shapeshifting  | |  0.7

Action                     || total
---------------------------++-------
  Melee: Dagger            ||    54
         Bite              ||     3
         Trident           ||     9
         Punch             ||     1
   Fire: Sling             ||    27
   Cast: Magic Dart        ||    42
         Call Imp          ||     4
    Use: Scroll            ||     5
         Potion            ||     1
   Stab: Sleeping          ||     4
 Armour: Robe              ||    15
         Leather armour    ||    26
  Dodge: Dodged            ||    41

Table legend: (Time is in decaauts)
 A = Elapsed time spent in this place.
 B = Non-inter-level travel time spent in this place.
 C = Inter-level travel time spent in this place.
 D = Time resting spent in this place.
 E = Time spent auto-exploring this place.
 F = Levels seen in this place.
 G = Mean time per level.
                   A        B        C        D        E       F      G
               +--------+--------+--------+--------+--------+-----+--------+
         Total |   2762 |   2729 |     33 |    787 |    814 |   4 |  690.5 |
       Dungeon |   2762 |   2729 |     33 |    787 |    814 |   4 |  690.5 |
               +--------+--------+--------+--------+--------+-----+--------+

Top non-repeatable levels by time:
     D:1: 1593 daAuts
     D:2: 626 daAuts
     D:3: 523 daAuts
     D:4: 18 daAuts
